 Dungeon Crawl Stone Soup version 0.31-a0-1570-g93c622d222 (webtiles) character file.

Game seed: 16758484963280077238

194198 pokeman the Sorcerer (level 17, -13/96 HPs)
             Began as a Deep Elf Hedge Wizard on Jan 4, 2024.
             Was the Champion of Vehumet.
             Mangled by a wolf spider simulacrum (39 damage)
             ... on level 1 of the Spider Nest.
             The game lasted 01:37:19 (36718 turns).

pokeman the Sorcerer (Deep Elf Hedge Wizard)       Turns: 36718, Time: 01:37:19

Health: -13/96     AC: 22    Str:  7    XL:     17   Next: 67%
Magic:  13/57      EV: 10    Int: 28    God:    Vehumet [******]
Gold:   2009       SH:  6    Dex: 14    Spells: 11/67 levels left

rFire   + . .        f - staff of conjuration
rCold   x . .        A - +0 buckler
rNeg    . . .        c - +2 ring mail {rPois}
rPois   +            l - +2 helmet {SInv}
rElec   +            N - +5 cloak of Pride {Harm rElec}
rCorr   .            J - +0 pair of gloves
SInv    +            k - +1 pair of boots
Will    +....        (no amulet)
Stlth   ++           e - ring of magical power
HPRegen 0.36/turn    q - ring of fire
MPRegen 0.35/turn

%: harm (+30% outgoing, +20% incoming)
@: studying Polearms
A: deterioration 1, inability to read after injury 1
}: 1/15 runes: barnacled
a: Renounce Religion


You were on level 1 of the Spider Nest.
You worshipped Vehumet.
Vehumet was exalted by your worship.
You visited 6 branches of the dungeon, and saw 28 of its levels.
You also visited: Trove, Bailey, Gauntlet and Ice Cave.

You collected 3405 gold pieces.
You spent 1396 gold pieces at shops.

Inventory:

Missiles
 K - 15 curare-tipped darts
 V - 4 throwing nets
Armour
 c - a +2 ring mail of poison resistance (worn)
 k - a +1 pair of boots (worn)
 l - a +2 helmet of see invisible (worn)
 A - a +0 buckler (worn)
 J - a +0 pair of gloves (worn)
 N - the +5 cloak of Pride (worn) {Harm rElec}
   (You bought it in a shop on level 3 of the Dungeon)

   rElec:     It insulates you from electricity.
   Harm:      It increases damage dealt and taken.
 T - the +4 robe of Augmentation {Str+4 Int+4 Dex+4}
   (You found it on level 11 of the Dungeon)

   Str+4:     It affects your strength (+4).
   Int+4:     It affects your intelligence (+4).
   Dex+4:     It affects your dexterity (+4).
Magical Staves
 a - the staff "Ohuipsas" {Fly Int-5 Dex+4 Conj Ice}
   (You found it in a treasure trove)

   [staff of conjuration]

   Base accuracy: +5 Base damage: 5 Base attack delay: 1.2 This weapon's minimum
   attack delay (0.6) is reached at skill level 12.
   Int-5:     It affects your intelligence (-5).
   Dex+4:     It affects your dexterity (+4).
   Fly:       It grants you flight.
   Conj:      It increases the power of your Conjurations spells.
   Ice:       It increases the power of your Ice spells.
   It falls into the 'Staves' category.
   It is a one-handed weapon.
 f - a staff of conjuration (weapon)
Jewellery
 e - a ring of magical power (left hand)
 q - a ring of fire (right hand)
Wands
 b - a wand of acid (26)
 B - a wand of roots (27)
 P - a wand of digging (15)
Scrolls
 i - 24 scrolls of teleportation
 x - 8 scrolls of blinking
 y - a scroll of identify
 U - 4 scrolls of revelation
Potions
 d - a potion of magic
 g - 8 potions of heal wounds
 j - 11 potions of curing
 n - 10 potions of haste
Miscellaneous
 h - a phantom mirror
 Q - a sack of spiders
 Z - a phial of floods


   Skills:
 - Level 7.0 Fighting
 + Level 7.7 Armour
 - Level 3.0 Dodging
 - Level 3.0 Stealth
 - Level 7.0 Shields
 * Level 25.9 Spellcasting
 + Level 16.1 Conjurations
 - Level 1.1 Summonings
 - Level 1.2 Necromancy
 - Level 1.1 Translocations
 + Level 15.0 Fire Magic
 - Level 1.0 Ice Magic
 - Level 1.0 Air Magic
 - Level 5.0 Earth Magic
 - Level 1.0 Alchemy
 - Level 1.1 Evocations


You had 11 spell levels left.
You knew the following spells:

 Your Spells              Type           Power      Damage    Failure   Level
a - Magic Dart            Conj           100%       1d8       0%          1
b - Mephitic Cloud        Conj/Alch/Air  81%        N/A       1%          3
c - Call Imp              Summ           84%        N/A       3%          2
d - Blink                 Tloc           84%        N/A       3%          2
e - Stone Arrow           Conj/Erth      100%       3d13      1%          3
f - Fireball              Conj/Fire      67%        3d25      1%          5
g - Freezing Cloud        Conj/Ice/Air   40%        6-21      2%          5
h - Starburst             Conj/Fire      67%        6d18      1%          6
i - Swiftness             Air            42%        N/A       6%          3
j - Irradiate             Conj/Alch      45%        3d26      1%          5
k - Ignition              Fire           55%        3d15      12%         8
l - Bombard               Conj/Erth      48%        9d8       1%          6
m - Orb of Destruction    Conj           56%        9d14      1%          7

Your spell library contained the following spells:

 Spells                   Type           Power      Damage    Failure   Level
 Apportation              Tloc           84%        N/A       1%          1
 Freeze                   Ice            100%       1d10      1%          1
 Kiss of Death            Conj/Necr      100%       2d13      1%          1
 Sandblast                Erth           100%       2d20      1%          1
 Shock                    Conj/Air       100%       1d9       1%          1
 Sting                    Conj/Alch      100%       1d9       1%          1
 Summon Small Mammal      Summ           100%       N/A       1%          1
 Mercury Vapours          Alch/Air       84%        N/A       1%          2
 Dazzling Flash           Conj/Hex       100%       N/A       1%          3
 Frozen Ramparts          Ice            84%        1d13      1%          3
 Hailstorm                Conj/Ice       91%        3d15      1%          3
 Passwall                 Erth           59%        N/A       1%          3
 Volatile Blastmotes      Fire/Tloc      100%       2d18      1%          3
 Brom's Barrelling Bould  Conj/Erth      97%        2d11      1%          4
 Iskenderun's Mystic Bla  Conj/Tloc      91%        2d18      1%          4
 Summon Blazeheart Golem  Fire/Summ      89%        N/A       1%          4
 Slow                     Hex            100%       N/A       3%          1
 Cigotuvi's Dreadful Rot  Necr/Alch/Air  84%        N/A       3%          2
 Sublimation of Blood     Necr           43%        N/A       3%          2
 Ensorcelled Hibernation  Hex/Ice        78%        N/A       4%          2
 Jinxbite                 Hex            72%        N/A       4%          2
 Call Canine Familiar     Summ           42%        N/A       6%          3
 Fugue of the Fallen      Necr           43%        N/A       6%          3
 Ozocubu's Armour         Ice            42%        N/A       6%          3
 Summon Ice Beast         Ice/Summ       42%        N/A       6%          3
 Airstrike                Air            21%        2d(3-19)  6%          4
 Confusing Touch          Hex            36%        N/A       10%         3
 Sigil of Binding         Hex            36%        N/A       10%         3
 Tukima's Dance           Hex            36%        N/A       10%         3
 Animate Armour           Summ/Erth      100%       N/A       10%         4
 Leda's Liquefaction      Alch/Erth      26%        N/A       10%         4
 Petrify                  Alch/Erth      52%        N/A       10%         4
 Dispel Undead            Necr           43%        3d17      21%         4
 Manifold Assault         Tloc           42%        N/A       21%         4
 Martyr's Knell           Necr/Summ      42%        N/A       21%         4
 Summon Lightning Spire   Summ/Air       42%        N/A       22%         4
 Anguish                  Hex/Necr       19%        N/A       26%         4
 Dimensional Bullseye     Hex/Tloc       19%        N/A       26%         4
 Alistair's Intoxication  Alch           28%        N/A       52%         5
 Metabolic Englaciation   Hex/Ice        19%        N/A       58%         5
 Fire Storm               Conj/Fire      67%        8d17      77%         9
 Dispersal                Tloc           21%        N/A       97%         6
 Sculpt Simulacrum        Ice/Alch       21%        N/A       97%         6
 Ozocubu's Refrigeration  Ice            21%        4d12      98%         7
 Summon Hydra             Summ           21%        N/A       100%        7
 Disjunction              Tloc           21%        N/A       100%        8
 Maxwell's Capacitive Co  Air            21%        ∞         100%        8
 Chain Lightning          Conj/Air       45%        3d60      100%        9
 Polar Vortex             Ice            21%        12d2*     100%        9
 Shatter                  Erth           29%        3d24*     100%        9


Dungeon Overview and Level Annotations

Branches:
Dungeon (15/15)            Temple (1/1) D:4            Lair (5/5) D:10
 Shoals (4/4) Lair:2       Spider (1/4) Lair:2        Slime (0/5) Lair:4
    Orc (2/2) D:11            Elf (0/3) Orc:2        Vaults (0/5) D:14
 Depths (0/4) D:15         Bailey (visited)           IceCv (visited)
Gauntlet (visited)

Altars:
Ashenzari
Cheibriados
Dithmenos
Elyvilon
Fedhas
Gozag
Hepliaklqana
Kikubaaqudgha
Makhleb
Nemelex Xobeh
Okawaru
Qazlal
Ru
Sif Muna
Trog
Uskayaw
Vehumet
Wu Jian
Xom
Yredelemnul
Zin
The Shining One
Jiyva

Shops:
D:3 ?*   D:4 :   D:9 [*   Orc:2 :[(=   Shoals:3 ***   Shoals:4 =

Annotations:
D:1 Orb on island


Innate Abilities, Weirdness & Mutations

Your body sometimes deteriorates upon taking damage.
You occasionally lose the ability to read scrolls when taking damage.


Message History

The orb spider weaves a glowing orb of energy.
An orb of destruction comes into view.
Unknown command.
Casting: Fireball (safe; 1% risk of failure)
Confirm with . or Enter, or press ? or * to list all spells.
Aiming: Fireball (safe; 1% risk of failure)
Press: ? - help, Shift-Dir - straight line
Okay, then.
Unknown command.
The orb spider spins a strand of pure energy.
The wolf spider hits you but does no damage.
The wolf spider bites you but does no damage.
Unknown command.
The wolf spider closely misses you. The wolf spider bites you.
The orb of destruction hits you!!!
Ouch! That really hurt!
The wolf spider hits you.
The wolf spider bites you but does no damage.
Unknown command.
Casting: Fireball (safe; 1% risk of failure)
Confirm with . or Enter, or press ? or * to list all spells.
Aiming: Fireball (safe; 1% risk of failure)
Press: ? - help, Shift-Dir - straight line You feel a strong surge of power!
The fireball explodes!
The fireball engulfs the orb spider!!
You kill the orb spider!
Vehumet accepts your kill.
You feel your power returning.
The fireball engulfs the wolf spider!!!
You kill the wolf spider!
Vehumet accepts your kill.
A freezing mist starts to gather... x2
A wolf spider simulacrum and an orb spider simulacrum come into view.
Unknown command.
Unknown command.
The wolf spider simulacrum attacks as it pursues you!
The wolf spider simulacrum hits you!
* * * LOW HITPOINT WARNING * * *
The wolf spider simulacrum freezes you!!
You feel a terrible chill!
You die...

#### ########## #### ....##
##........####...
...#..#####..........#.....
......#..#@^#.............#
##........Z###.^..#...[....
..........## ###.##...#....
....#.....# ####........
.....##s^.# #..[.....
..#.....### ###.....#
.....Z[..# #....##
.........# #...##
.........## ##)##


You could see an orb spider (soul bound, charged), a wolf spider simulacrum and
an orb spider simulacrum.

Vanquished Creatures
  Nikola (Spider:1)
  The ghost of Mungiw the Peltast, an adept MiBe of Trog (Shoals:1)
  A kraken (Shoals:4)
  Aizul (Shoals:2)
  Ilsuiw (Shoals:2)
  The ghost of Lobster4 the Mimic, a journeyman MfSh of Okawaru (Orc:2)
  A reaper (Gauntlet)
  2 very ugly things (IceCv)
  Nessos (D:13)
  A minotaur (Gauntlet)
  8 merfolk impalers
  6 merfolk javelineers (Shoals:4)
  Harold (Lair:1)
  5 hydras
  2 rakshasas
  A vault guard (D:14)
  A caustic shrike simulacrum (IceCv)
  2 alligator snapping turtles
  Erolcha (D:13)
  4 boulder beetles
  2 merfolk aquamancers (Shoals:4)
  3 merfolk avatars
  An ogre mage (D:15)
  3 catoblepae
  4 centaur warriors
  5 two-headed ogres
  3 satyrs
  A demonic crawler (Spider:1)
  4 orc high priests
  2 sun demons (D:15)
  Urug (D:13)
  2 tengu warriors (D:14)
  A hell knight (D:15)
  4 fire crabs (D:15)
  A naga sharpshooter (D:15)
  A deep elf knight (D:15)
  Nergalle (Lair:1)
  6 skysharks
  A salamander mystic (D:15)
  2 pharaoh ants (Spider:1)
  Lodul (D:10)
  3 arcanists (D:15)
  A kraken simulacrum (Shoals:4)
  An orange crystal statue (IceCv)
  8 sea snakes
  An orb spider (Spider:1)
  A sun moth (shapeshifter) (D:15)
  26 harpies
  A necromancer (Lair:3)
  A deep elf zephyrmancer (D:15)
  8 orc knights
  6 orc sorcerers
  A shining eye (Gauntlet)
  4 ugly things
  2 wolf spiders
  2 deep elf pyromancers (D:15)
  10 cyclopes
  15 fauns
  4 salamanders (D:15)
  9 manticores
  24 elephants
  A moth of wrath (Spider:1)
  3 kobold blastminers
  15 merfolk sirens
  16 slime creatures
  3 meliai (D:14)
  3 black mambas
  A rust devil (D:15)
  A molten gargoyle (D:15)
  6 water nymphs
  A torpor snail (Lair:3)
  An unseen horror (D:13)
  8 cane toads
  6 gargoyles
  2 kobold demonologists
  An anaconda simulacrum (IceCv)
  8 rime drakes
  7 yaktaurs
  6 freezing wraiths
  18 komodo dragons
  24 merfolk
  A tengu conjurer (D:15)
  6 wind drakes
  5 polar bears
  3 hornets
  9 trolls
  A wolf spider simulacrum (D:14)
  2 hellwings (Gauntlet)
  2 raiju (D:15)
  2 alligator simulacra (IceCv)
  A glass eye (Gauntlet)
  Grinder (D:5)
  9 blink frogs
  9 snapping turtles
  23 dream sheep
  A dream sheep (shapeshifter) (D:15)
  A jumping spider (Lair:2)
  2 centaur simulacra (D:14)
  A culicivora (Spider:1)
  5 spriggans (Lair:1)
  4 wraiths
  8 basilisks
  4 water elementals
  A shadow (D:11)
  8 wyverns
  A dire elephant simulacrum (IceCv)
  44 yaks
  A vampire (D:12)
  A redback (Spider:1)
  Eustachio (D:5)
  A golden eye (Gauntlet)
  3 steam dragons
  8 wargs
  5 vampire mosquitoes
  Menkaure (D:5)
  20 water moccasins
  A naga (shapeshifter) (D:14)
  An acid dragon (shapeshifter) (D:15)
  3 acid dragons
  3 hydra simulacra (IceCv)
  3 black bears
  15 orc warriors
  4 ice beasts
  3 meliai simulacra (D:15)
  14 ogres
  A sky beast (D:4)
  2 boggarts
  13 centaurs
  17 wolves
  A phantom (D:5)
  8 kobold brigands
  9 bullfrogs
  Blork the orc (D:5)
  A gnoll sergeant (D:5)
  2 scorpions
  17 wights
  A killer bee (D:7)
  2 electric eels (Lair:3)
  2 howler monkeys (D:10)
  A bombardier beetle (shapeshifter) (D:12)
  3 hounds
  Crazy Yiuf (D:2)
  13 jellies
  A bombardier beetle (D:6)
  2 gnoll boudas
  13 orc priests
  Ijyb (D:4)
  3 sleepcaps
  Natasha (D:4)
  4 iguanas
  25 orc wizards
  8 yak simulacra (Lair:3)
  2 wolf simulacra (Lair:3)
  7 adders
  10 gnolls
  A river rat (Lair:3)
  4 shadow imps
  3 white imps
  2 ufetubi (D:6)
  3 ribbon worms
  4 dart slugs
  55 orcs
  10 endoplasms
  An endoplasm (shapeshifter) (D:12)
  3 giant cockroaches
  13 hobgoblins
  2 jackals
  33 kobolds
  4 quokkas
  8 ball pythons
  4 bats
  4 frilled lizards
  9 goblins
  6 rats
  A river rat simulacrum (Lair:3)
934 creatures vanquished.

Notes
Turn   | Place    | Note
-------+----------+-------------------------------------------
     0 | D:1      | pokeman the Deep Elf Hedge Wizard began the quest for the
                  | Orb.
     0 | D:1      | Reached XP level 1. HP: 10/10 MP: 7/7
   434 | D:1      | Reached XP level 2. HP: 15/15 MP: 5/9
   728 | D:1      | Reached skill level 5 in Spellcasting
  1069 | D:2      | Reached XP level 3. HP: 20/20 MP: 5/11
  1073 | D:2      | Learned a level 3 spell: Mephitic Cloud
  1076 | D:2      | Learned a level 2 spell: Call Imp
  1493 | D:2      | Found a runed translucent door.
  1494 | D:2      | Noticed Crazy Yiuf
  1661 | D:2      | Reached skill level 1 in Armour
  1693 | D:2      | Reached skill level 1 in Fighting
  1879 | D:2      | Killed Crazy Yiuf
  1880 | D:2      | Reached XP level 4. HP: 25/25 MP: 4/13
  2226 | D:3      | Reached skill level 6 in Spellcasting
  2270 | D:3      | Reached XP level 5. HP: 27/29 MP: 15/15
  2453 | D:3      | Found Dinwu Xata's Magic Scroll Shoppe.
  2524 | D:3      | Found Ympecs's Assorted Antiques.
  3165 | D:4      | Found Merchaust's Book Boutique.
  3192 | D:4      | Noticed Ijyb
  3203 | D:4      | Killed Ijyb
  3374 | D:4      | Learned a level 2 spell: Blink
  3385 | D:4      | Reached skill level 1 in Alchemy
  3450 | D:4      | Reached skill level 1 in Air Magic
  3450 | D:4      | Reached skill level 1 in Evocations
  3701 | D:4      | Noticed Natasha
  3705 | D:4      | Killed Natasha
  3706 | D:4      | Reached XP level 6. HP: 23/34 MP: 13/17
  3748 | D:4      | Found a staircase to the Ecumenical Temple.
  3756 | Temple   | Entered the Ecumenical Temple
  3828 | Temple   | Became a worshipper of Vehumet
  4242 | D:4      | Learned a level 3 spell: Stone Arrow
  4292 | D:4      | Noticed a sky beast
  4303 | D:4      | Killed a sky beast
  4304 | D:4      | Reached skill level 7 in Spellcasting
  4615 | D:5      | Entered Level 5 of the Dungeon
  4634 | D:5      | Noticed Menkaure
  4643 | D:5      | Noticed Blork the orc
  4736 | D:5      | Noticed Grinder
  4788 | D:5      | Reached skill level 1 in Earth Magic
  4789 | D:5      | Reached XP level 7. HP: 35/39 MP: 14/20
  4842 | D:5      | Learned a level 5 spell: Irradiate
  4922 | D:5      | Reached skill level 8 in Spellcasting
  5277 | D:5      | Paralysed by Grinder for 5 turns
  5287 | D:5      | Killed Grinder
  5288 | D:5      | Reached XP level 8. HP: 42/44 MP: 7/22
  5295 | D:5      | Reached skill level 9 in Spellcasting
  5553 | D:5      | Found a glowing golden altar of the Shining One.
  5661 | D:5      | Found a shimmering altar of Xom.
  5716 | D:5      | Killed Menkaure
  5758 | D:5      | Found a broken altar of Ashenzari.
  5858 | D:5      | Reached skill level 1 in Necromancy
  5917 | D:5      | Reached skill level 5 in Conjurations
  5923 | D:5      | Killed Blork the orc
  6073 | D:5      | Noticed Eustachio
  6078 | D:5      | Killed Eustachio
  6079 | D:5      | Reached skill level 10 in Spellcasting
  6218 | D:5      | Reached * piety under Vehumet
  6218 | D:5      | Offered knowledge of Shock by Vehumet.
  6363 | D:6      | Reached XP level 9. HP: 18/48 MP: 3/25
  6804 | D:6      | Learned a level 6 spell: Starburst
  6885 | D:6      | Identified the +3 flail of Courage {flame, Str+2 Int+4}
  6917 | D:6      | Reached skill level 11 in Spellcasting
  7010 | D:6      | Reached skill level 1 in Fire Magic
  7123 | D:6      | Reached skill level 5 in Earth Magic
  7652 | D:7      | Learned a level 3 spell: Swiftness
  7816 | D:7      | Reached ** piety under Vehumet
  7816 | D:7      | Offered knowledge of Kiss of Death by Vehumet.
  8180 | D:7      | Noticed a purple ugly thing
  8185 | D:7      | Killed a purple ugly thing
  8186 | D:7      | Reached skill level 12 in Spellcasting
  8325 | D:7      | Noticed a purple ugly thing
  8329 | D:7      | Reached XP level 10. HP: 51/56 MP: 15/28
  8552 | D:7      | Killed a purple ugly thing
  8647 | D:7      | Reached skill level 13 in Spellcasting
  9224 | D:8      | Noticed a two-headed ogre
  9229 | D:8      | Killed a two-headed ogre
  9323 | D:8      | Reached skill level 5 in Fire Magic
  9345 | D:8      | Identified the +4 whip of Scorn {distort, rC+ rN+ Dex+2}
  9423 | D:8      | Offered knowledge of Searing Ray by Vehumet.
  9607 | D:8      | Reached skill level 14 in Spellcasting
  9610 | D:8      | Reached *** piety under Vehumet
  9967 | D:9      | Reached XP level 11. HP: 44/61 MP: 16/31
 10067 | D:9      | Offered knowledge of Iskenderun's Mystic Blast by Vehumet.
 10085 | D:9      | Found a flagged portal.
 10091 | Bailey   | Entered a bailey
 10316 | Bailey   | Found a burning altar of Makhleb.
 10416 | D:9      | Found Oreuxuw's Mail-Order Catalogue.
 10541 | D:3      | Bought a jewelled cloak for 304 gold pieces
 10541 | D:3      | Identified the +5 cloak of Pride {Harm rElec} (You bought
                  | it in a shop on level 3 of the Dungeon)
 10541 | D:3      | Bought a scroll labelled LIUKAZ LORCHAXT for 32 gold pieces
 10541 | D:3      | Bought a viscous brown potion for 28 gold pieces
 10630 | D:3      | Bought a scroll of blinking for 105 gold pieces
 10630 | D:3      | Bought a scroll of identify for 28 gold pieces
 10630 | D:3      | Bought a scroll of teleportation for 42 gold pieces
 10630 | D:3      | Bought a scroll of identify for 28 gold pieces
 10630 | D:3      | Bought a scroll of teleportation for 42 gold pieces
 10630 | D:3      | Bought a scroll of identify for 28 gold pieces
 10630 | D:3      | Bought a scroll of identify for 28 gold pieces
 10800 | D:9      | Reached **** piety under Vehumet
 10816 | D:9      | Reached skill level 15 in Spellcasting
 10946 | D:9      | Found Xapuimih's Antique Armour Shoppe.
 10967 | D:9      | Bought a glowing helmet for 240 gold pieces
 11167 | D:9      | Found a bloodstained altar of Trog.
 11239 | D:10     | Entered Level 10 of the Dungeon
 11295 | D:10     | Reached skill level 5 in Armour
 11436 | D:10     | Offered knowledge of Hailstorm by Vehumet.
 11446 | D:10     | Noticed a two-headed ogre
 11450 | D:10     | Killed a two-headed ogre
 11483 | D:10     | Noticed a two-headed ogre
 11487 | D:10     | Killed a two-headed ogre
 11941 | D:10     | Found a staircase to the Lair.
 11941 | D:10     | Noticed Lodul
 11946 | D:10     | Reached skill level 16 in Spellcasting
 11952 | D:10     | Killed Lodul
 12123 | D:10     | Reached ***** piety under Vehumet
 12265 | D:10     | Found a blossoming altar of Fedhas.
 12658 | D:11     | Got the Writings on Translocated Beckoning
 12664 | D:11     | Found a staircase to the Orcish Mines.
 12667 | D:11     | Offered knowledge of Fireball by Vehumet.
 12673 | D:11     | Reached XP level 12. HP: 61/68 MP: 21/34
 12679 | D:11     | Learned a level 5 spell: Fireball
 13009 | D:11     | Reached skill level 5 in Fighting
 13146 | D:11     | Found the +4 robe of Augmentation {Str+4 Int+4 Dex+4}
 13772 | D:12     | Found a shimmering altar of Xom.
 13772 | D:12     | Found a shimmering altar of Xom.
 13772 | D:12     | Found a shimmering altar of Xom.
 13773 | D:12     | Found a shimmering altar of Xom.
 13845 | D:12     | Reached skill level 10 in Conjurations
 14163 | D:12     | Found a portal to a secret trove of treasure.
 14535 | D:12     | Reached skill level 17 in Spellcasting
 15576 | D:13     | Noticed a centaur warrior
 15581 | D:13     | Killed a centaur warrior
 15775 | D:13     | Noticed a four-headed hydra
 15781 | D:13     | Killed a four-headed hydra
 16141 | D:13     | Noticed Erolcha
 16144 | D:13     | Killed Erolcha
 16145 | D:13     | Reached skill level 18 in Spellcasting
 16207 | D:13     | Noticed Nessos
 16212 | D:13     | Killed Nessos
 16290 | D:13     | Noticed Urug
 16295 | D:13     | Killed Urug
 16801 | D:13     | Noticed a centaur warrior
 16806 | D:13     | Killed a centaur warrior
 16807 | D:13     | Reached XP level 13. HP: 74/74 MP: 26/37
 17415 | D:14     | Found a gate to the Vaults.
 17553 | D:14     | Learned a level 5 spell: Freezing Cloud
 17568 | D:14     | Reached skill level 19 in Spellcasting
 18001 | D:14     | Found an iron altar of Okawaru.
 18180 | D:14     | Reached skill level 10 in Fire Magic
 18384 | D:15     | Entered Level 15 of the Dungeon
 18943 | D:15     | Identified the staff "Faim Fom" {^Drain rElec rPois Str+7
                  | Air Alchemy}
 18952 | D:15     | Reached skill level 20 in Spellcasting
 19088 | D:15     | Identified the +3 quarterstaff of Uczirr {venom, rPois
                  | rCorr Dex+2}
 19096 | D:15     | Reached XP level 14. HP: 65/80 MP: 32/40
 19104 | D:15     | Offered knowledge of Ignite Poison by Vehumet.
 19189 | D:15     | Found a staircase to the Depths.
 19579 | D:15     | Reached skill level 1 in Ice Magic
 19788 | D:15     | Reached skill level 1 in Shields
 21145 | D:12     | You paid a toll of +3 ice dragon scales to enter a treasure
                  | trove
 21146 | Trove    | Entered a treasure trove
 21159 | Trove    | Identified the staff "Ohuipsas" {Fly Int-5 Dex+4 Conj Ice}
 21216 | Trove    | Got Amonn's Anthology of the Discharge and the Salamander
 21226 | Trove    | Learned a level 8 spell: Ignition
 21233 | Trove    | Learned a level 6 spell: Bombard
 21792 | Lair:1   | Entered Level 1 of the Lair of Beasts
 21875 | Lair:1   | Noticed Harold
 21878 | Lair:1   | Killed Harold
 22570 | Lair:1   | Reached skill level 21 in Spellcasting
 22876 | Lair:1   | Noticed Nergalle
 22879 | Lair:1   | Killed Nergalle
 23733 | Lair:2   | Found a hole to the Spider Nest.
 23745 | Lair:2   | Found a staircase to the Shoals.
 23861 | Lair:2   | Got the Papyrus of the Wayfarer and the Crevasse
 24141 | Lair:3   | Offered knowledge of Eringya's Noxious Bog by Vehumet.
 24181 | Lair:3   | Found a gate leading to a gauntlet.
 24189 | Gauntlet | Entered a Gauntlet
 24189 | Gauntlet | Found a transporter.
 24189 | Gauntlet | Found a transporter.
 24192 | Gauntlet | Found a transporter.
 24192 | Gauntlet | Found a transporter.
 24192 | Gauntlet | Found the +3 Mad Mage's Maulers {Infuse+∞ VampMP -Cast}
 24196 | Gauntlet | Found a transporter.
 24197 | Gauntlet | Found a transporter.
 24228 | Gauntlet | Found a transporter.
 24232 | Gauntlet | Found a transporter.
 24244 | Gauntlet | Found a transporter.
 24257 | Gauntlet | Found a runed translucent door.
 24257 | Gauntlet | Noticed a reaper
 24259 | Gauntlet | Found a transporter.
 24261 | Gauntlet | Found a runed translucent door.
 24273 | Gauntlet | Found a transporter.
 24277 | Gauntlet | Found a transporter.
 24315 | Gauntlet | Gained mutation: Your body sometimes deteriorates upon
                  | taking damage. [a shining eye]
 24323 | Gauntlet | Gained mutation: You occasionally lose the ability to read
                  | scrolls when taking damage. [a shining eye]
 24411 | Gauntlet | Killed a reaper
 24504 | Gauntlet | Identified the -2 pair of gloves "Niblaaf" {rF+}
 24658 | Lair:3   | Reached XP level 15. HP: 71/86 MP: 42/42
 24740 | Lair:3   | Identified the +0 cloak "Biutsen" {Stlth+}
 25911 | Lair:4   | Reached skill level 22 in Spellcasting
 26228 | Lair:4   | Offered knowledge of Yara's Violent Unravelling by Vehumet.
 26398 | Lair:4   | Found a staircase to the Slime Pits.
 26399 | Lair:4   | Found a viscous altar of Jiyva.
 26560 | Lair:4   | Found a sparkling altar of Nemelex Xobeh.
 26754 | Lair:5   | Entered Level 5 of the Lair of Beasts
 27333 | Lair:5   | Offered knowledge of Plasma Beam by Vehumet.
 27768 | Lair:5   | Reached skill level 23 in Spellcasting
 28576 | Orc:1    | Entered Level 1 of the Orcish Mines
 28732 | Orc:2    | Entered Level 2 of the Orcish Mines
 29147 | Orc:2    | Noticed Lobster4's ghost (journeyman MfSh)
 29150 | Orc:2    | Found a runed translucent door.
 29169 | Orc:2    | Killed Lobster4's ghost
 29435 | Orc:2    | Found a staircase to the Elven Halls.
 29480 | Orc:1    | Reached XP level 16. HP: 92/92 MP: 45/45
 29772 | Orc:1    | Reached skill level 5 in Shields
 30165 | Orc:2    | Found Nudas's Jewellery Emporium.
 30421 | Orc:2    | Found Soadduru's Book Emporium.
 30422 | Orc:2    | Found Wiraop's Weapon Boutique.
 30422 | Orc:2    | Found Zor Zuri's Antique Armour Boutique.
 30440 | Orc:2    | Bought a pair of runed boots for 217 gold pieces
 30781 | Shoals:1 | Entered Level 1 of the Shoals
 31144 | Shoals:1 | Offered knowledge of Spellforged Servitor by Vehumet.
 31202 | Shoals:1 | Noticed Mungiw's ghost (adept MiBe)
 31203 | Shoals:1 | Found a runed translucent gate.
 31204 | Shoals:1 | Found a runed translucent gate.
 31205 | Shoals:1 | Found a runed translucent gate.
 31216 | Shoals:1 | Reached skill level 24 in Spellcasting
 31656 | Shoals:1 | Killed Mungiw's ghost
 31746 | Shoals:1 | Identified the ring "Loan" {rN+ Str+6 Slay-4 Stlth+}
 31773 | Shoals:2 | Reached skill level 15 in Conjurations
 31814 | Shoals:2 | Found a frozen archway.
 31846 | IceCv    | Entered an ice cave
 31888 | IceCv    | Found a transporter.
 31900 | IceCv    | Found a transporter.
 32047 | Shoals:2 | Noticed Ilsuiw
 32050 | Shoals:2 | Killed Ilsuiw
 32128 | Shoals:2 | Identified the serpent talisman of Uroecsa {rC+++ rCorr
                  | Int+3 Slay-2}
 32128 | Shoals:2 | Noticed Aizul
 32132 | Shoals:2 | Killed Aizul
 33432 | Shoals:3 | Found Caich's Assorted Antiques.
 33536 | Shoals:3 | Found Ekhlior's Specific Store.
 33539 | Shoals:3 | Found Quyropiy's General Store.
 33547 | Shoals:3 | Bought a scroll of identify for 20 gold pieces
 33547 | Shoals:3 | Bought a scroll of identify for 20 gold pieces
 33607 | Shoals:3 | Reached ****** piety under Vehumet
 33616 | Shoals:3 | Offered knowledge of Orb of Destruction by Vehumet.
 33617 | Shoals:3 | Reached XP level 17. HP: 96/96 MP: 45/47
 33625 | Shoals:3 | Learned a level 7 spell: Orb of Destruction
 33693 | Shoals:3 | Reached skill level 25 in Spellcasting
 34397 | Shoals:4 | Entered Level 4 of the Shoals
 35025 | Shoals:4 | Got a barnacled rune of Zot
 35086 | Shoals:4 | Noticed a kraken
 35105 | Shoals:4 | Killed a kraken
 35273 | Shoals:4 | Identified the +4 spear of Harmony {freeze, *Rage rElec
                  | Will+ Int+6}
 35358 | Shoals:4 | Identified the ring "Kueniecs" {Will+ AC+4 Int+4 Slay+3
                  | Stlth-}
 35589 | Shoals:4 | Found Loomiuji's Jewellery Boutique.
 36449 | D:9      | Bought a +2 ring mail of poison resistance for 234 gold
                  | pieces
 36629 | Spider:1 | Entered Level 1 of the Spider Nest
 36671 | Spider:1 | Reached skill level 15 in Fire Magic
 36698 | Spider:1 | Noticed Nikola
 36703 | Spider:1 | Killed Nikola
 36718 | Spider:1 | Mangled by a wolf spider simulacrum

Illustrated notes

Levels and vault maps discovered:
D:1:      grunt_arrival_lava_bath, layout_rooms
D:2:      layout_rooms, uniq_crazy_yiuf_cottage
D:3:      layout_basic, serial_shops, shop_coins, nicolae_shop_peninsula,
          minmay_fractal_squares_gapless_5
D:4:      minmay_door_path, layout_loops_corners, minmay_temple_entry_tees,
          serial_shops, shop, uniq_ijyb, uniq_natasha
D:5:      layout_loops_cross, nicolae_ashenzari_skybound, lemuel_crystal_altar,
          mainiacjoe_overflow_alcove_4, hangedman_minor_gate_pass,
          uniq_eustachio, uniq_grinder, uniq_blork_the_orc, uniq_menkaure
D:6:      layout_rooms, minmay_misc_feat_chi
D:7:      minmay_chambers_of_sevens, layout_basic
D:8:      layout_rooms, corexii_checkpoint, kennysheep_generic_room_7
D:9:      layout_small_grid, tgw_trog, enter_bailey_3, serial_shops, shop,
          monkooky_shop_mail_order
D:10:     layout_basic, fedhas_ov_isle_minmay, david_lair_generic,
          corexii_leaking_fountain, minmay_fractal_squares_5, uniq_lodul
D:11:     layout_loops_ring, david_orc_2
D:12:     layout_cave_pods, trove_entry_hex_spiral, xom_shifter_show
D:13:     layout_loops_corners, uniq_erolcha, uniq_urug, uniq_nessos
D:14:     layout_roguey, david_vaults_5, okawaru_gym_becter
D:15:     hangedman_crystal_crosses_colossus [crystal_crosses_arms_two,
          crystal_crosses_arms_one, crystal_crosses_arms_one]
Temple:   minmay_temple_bridge_d
Lair:1:   kb_forest_paths, layout_small_grid, uniq_harold, uniq_nergalle
Lair:2:   layout_loops_ring, elwin_shoals_entry_rocks, spider_nest_entry_rubble,
          serial_rivers, chequers_serial_rivers_small_a,
          chequers_serial_rivers_micro_e, chequers_serial_rivers_micro_b,
          chequers_serial_rivers_micro_b, chequers_serial_rivers_room_b,
          chequers_serial_rivers_large_a
Lair:3:   layout_cave_pods, gauntlet_entry_generic, eino_house_with_fridge,
          serial_bayou_shore_b, grunt_megastairs_3, infiniplex_staircase_pool
Lair:4:   layout_roguey, minmay_slime_entry_jelly_boxes, basic_altar
Lair:5:   gammafunk_lair_ancient_temple, layout_misc_corridors,
          nzn_sisyphean_effort, lemuel_fruit_fields
Shoals:1: layout_shoals, ebering_ghost_rock_garden
Shoals:2: layout_shoals, portal_ice_cave_entry_frozen_things,
          nicolae_shoals_wave_tunnel, uniq_aizul, uniq_ilsuiw
Shoals:3: cheibrodos_shoals_roost, layout_shoals, nicolae_specific_store,
          nicolae_stop_n_shop_2
Shoals:4: shoals_end_grunt_ice, layout_shoals, shoals_ilsuiw_ice, serial_shops,
          shop
Spider:1: layout_spider_delve, drop_trap, uniq_nikola
Orc:1:    layout_caves
Orc:2:    st_orc_elflike, layout_caves, hellmonk_ghost_happy_afterlife

Skill      XL: |  1  2  3  4  5  6  7  8  9 10 11 12 13 14 15 16 17 |
---------------+----------------------------------------------------+-----
Spellcasting   | 5 6 7 8 10 12 14 16 18 20 21 23 24 25 | 25.9
Armour         | 1 3 4 5 6 7 |  7.7
Fighting       | 1 2 3 4 6 7 |  7.0
Conjurations   | 2 3 4 5 7 8 9 11 12 13 14 15 16 | 16.1
Dodging        | 3 |  3.0
Stealth        | 3 |  3.0
Alchemy        | 1 |  1.0
Air Magic      | 1 |  1.0
Evocations     | 1 |  1.1
Earth Magic    | 1 3 4 5 |  5.0
Necromancy     | 1 |  1.2
Fire Magic     | 3 5 7 9 10 11 13 14 15 | 15.0
Ice Magic      | 1 |  1.0
Shields        | 2 4 6 7 |  7.0
Summonings     | |  1.1
Translocations | |  1.1

Action                     |  1- 3 |  4- 6 |  7- 9 | 10-12 | 13-15 | 16-18 || total
---------------------------+-------+-------+-------+-------+-------+-------++-------
  Melee: Dagger            |    33 |       |       |       |       |       ||    33
         Quarterstaff      |       |    49 |    25 |       |       |       ||    74
         Flail             |       |       |     3 |    46 |       |       ||    49
         Great mace        |       |       |       |    11 |     5 |       ||    16
         Punch             |       |       |       |     2 |       |       ||     2
         Staff             |       |       |       |       |     7 |     2 ||     9
   Cast: Magic Dart        |   102 |   105 |    28 |    50 |     1 |       ||   286
         Call Imp          |     4 |     5 |       |     2 |       |     1 ||    12
         Mephitic Cloud    |     2 |     6 |    11 |    33 |     6 |       ||    58
         Stone Arrow       |       |       |   101 |   138 |    60 |       ||   299
         Blink             |       |       |       |     2 |     1 |       ||     3
         Starburst         |       |       |       |    70 |    66 |     5 ||   141
         Freezing Cloud    |       |       |       |       |    21 |       ||    21
         Fireball          |       |       |       |       |   262 |   225 ||   487
         Swiftness         |       |       |       |       |     1 |       ||     1
         Bombard           |       |       |       |       |     3 |     9 ||    12
         Ignition          |       |       |       |       |     2 |    12 ||    14
         Irradiate         |       |       |       |       |     2 |       ||     2
  Evoke: Wand              |       |       |       |     1 |       |       ||     1
    Use: Scroll            |       |       |       |    14 |    12 |     7 ||    33
   Stab: Confused          |     1 |     4 |     4 |     6 |     1 |       ||    16
         Sleeping          |       |     3 |       |       |       |       ||     3
 Armour: Robe              |    19 |    30 |    12 |    25 |    66 |    21 ||   173
         Leather armour    |       |       |    17 |    67 |       |       ||    84
         Ring mail         |       |       |       |       |       |     7 ||     7
  Dodge: Dodged            |    22 |    29 |    40 |    69 |    31 |     9 ||   200

Table legend: (Time is in decaauts)
 A = Elapsed time spent in this place.
 B = Non-inter-level travel time spent in this place.
 C = Inter-level travel time spent in this place.
 D = Time resting spent in this place.
 E = Time spent auto-exploring this place.
 F = Levels seen in this place.
 G = Mean time per level.
                   A        B        C        D        E       F      G
               +--------+--------+--------+--------+--------+-----+--------+
         Total |  37279 |  33128 |   4151 |   2125 |  26429 |  32 | 1165.0 |
       Dungeon |  21969 |  18820 |   3149 |   1058 |  15188 |  15 | 1464.6 |
        Temple |    282 |    120 |    162 |      0 |      0 |   1 |  282.0 |
          Lair |   6445 |   5847 |    598 |    353 |   4929 |   5 | 1289.0 |
        Shoals |   5453 |   5284 |    169 |    233 |   4565 |   4 | 1363.2 |
   Spider Nest |     88 |     88 |      0 |      0 |     60 |   1 |   88.0 |
  Orcish Mines |   2046 |   1974 |     72 |    404 |   1367 |   2 | 1023.0 |
         Trove |     93 |     93 |      0 |      0 |      0 |   1 |   93.0 |
        Bailey |    330 |    330 |      0 |      0 |    195 |   1 |  330.0 |
      Ice Cave |    158 |    158 |      0 |     47 |     40 |   1 |  158.0 |
      Gauntlet |    411 |    411 |      0 |     30 |     84 |   1 |  411.0 |
               +--------+--------+--------+--------+--------+-----+--------+

Top non-repeatable levels by time:
    D:15: 2107 daAuts
     D:7: 1915 daAuts
    D:12: 1853 daAuts
  Lair:1: 1825 daAuts
     D:4: 1819 daAuts
     D:5: 1730 daAuts
Shoals:4: 1647 daAuts
    D:10: 1598 daAuts
    D:14: 1594 daAuts
    D:13: 1536 daAuts
     D:6: 1400 daAuts
     D:3: 1395 daAuts
Shoals:1: 1352 daAuts
  Lair:3: 1310 daAuts
Shoals:2: 1288 daAuts
